PA
YELLOWKNIFE DRAGONBLOOD @ GWINNETT COUNTY BLACK CATS
08/16/2025
 
TOP OF THE 1ST
Yellowknife Dragonblood batting - Pitching for Gwinnett County Black Cats : LHP Luis Arreola
Pitching: LHP Luis Arreola
Batting: RHB IV Seacat 0-0: Ball
1-0: Foul Ball, location: 2F
1-1: Foul Ball, location: 2F
1-2: Ball
2-2: Ball
3-2: Base on Balls
Batting: RHB Cosmo Castanhedo 0-0: Called Strike
0-1: Swinging Strike
0-2: Ball
1-2: Ball
2-2: Foul Ball, location: 2F
2-2: Strikes out swinging
Batting: RHB Felipe Campos 0-0: Ball
1-0: Ball
2-0: Foul Ball, location: 2F
2-1: SINGLE (Flyball, 78S)
IV Seacat to second
Batting: RHB Anselmo Berneu 0-0: Called Strike
0-1: Foul Ball, location: 2F
0-2: Ball
1-2: Ball
2-2: SINGLE (Groundball, 4MD)
IV Seacat to third
Felipe Campos to second
Runner from 3rd tries for Home, SAFE, throw made at trailing runner, OUT at third!
Batting: RHB Mareka Naidoo 0-0: Swinging Strike
0-1: Ball
1-1: DOUBLE (Line Drive, 9)
Anselmo Berneu to third
Batting: SHB Daniel Godart 0-0: Ball
1-0: Foul Ball, location: 2F
1-1: Swinging Strike
1-2: Ground out 3-1 (Groundball, 34S)
Top of the 1st over - 1 run(s), 3 hit(s), 0 error(s), 2 left on base; Yellowknife 1 - Gwinnett County 0
BOTTOM OF THE 1ST
Gwinnett County Black Cats batting - Pitching for Yellowknife Dragonblood : RHP Currito Melena
Pitching: RHP Currito Melena
Batting: RHB Sidney Mackell 0-0: Called Strike
0-1: Ball
1-1: Fly out, F2 (Popup, 34S)
Batting: RHB Luis Guerrero 0-0: Ball
1-0: Bunt missed!
1-1: Ball
2-1: SINGLE (Groundball, 34S) (infield hit)
Batting: RHB Dave Shaw 0-0: Ball
1-0: Ball
2-0: Swinging Strike
2-1: Foul Ball, location: 2F
2-2: Fly out, F9 (Flyball, 89D)
Batting: RHB Bobby Butterfield 0-0: Ball
1-0: Fielders Choice at 2nd, 4-6 (Groundball, 4)
Bottom of the 1st over - 0 run(s), 1 hit(s), 0 error(s), 0 left on base; Yellowknife 1 - Gwinnett County 0
TOP OF THE 2ND
Yellowknife Dragonblood batting - Pitching for Gwinnett County Black Cats : LHP Luis Arreola
Batting: RHB Keith Kamen 0-0: SOLO HOME RUN (Flyball, 78XD), Distance : 434 ft
Batting: RHB Andrés Escobar 0-0: Fly out, F9 (Flyball, 89M)
Batting: LHB Colin Worthington 0-0: Ball
1-0: Called Strike
1-1: Ball
2-1: Swinging Strike
2-2: Strikes out swinging
Batting: RHB IV Seacat 0-0: Called Strike
0-1: Foul Ball, location: 2F
0-2: Strikes out swinging
Top of the 2nd over - 1 run(s), 1 hit(s), 0 error(s), 0 left on base; Yellowknife 2 - Gwinnett County 0
BOTTOM OF THE 2ND
Gwinnett County Black Cats batting - Pitching for Yellowknife Dragonblood : RHP Currito Melena
Batting: LHB Darrell Woodmansee 0-0: Called Strike
0-1: Foul Ball, location: 2F
0-2: Ball
1-2: Ball
2-2: Ground out 5-3 (Groundball, 5L)
Batting: RHB King Tracy 0-0: Ground out 6-3 (Groundball, 6)
Batting: RHB Aaron Taylor 0-0: Ball
1-0: Called Strike
1-1: Ball
2-1: Ball
3-1: Ground out 5-3 (Groundball, 56)
Bottom of the 2nd over - 0 run(s), 0 hit(s), 0 error(s), 0 left on base; Yellowknife 2 - Gwinnett County 0
TOP OF THE 3RD
Yellowknife Dragonblood batting - Pitching for Gwinnett County Black Cats : LHP Luis Arreola
Batting: RHB Cosmo Castanhedo 0-0: Ball
1-0: Foul Ball, location: 2F
1-1: Ball
2-1: Swinging Strike
2-2: Ball
3-2: Strikes out swinging
Batting: RHB Felipe Campos 0-0: Fly out, F7 (Flyball, 7)
Batting: RHB Anselmo Berneu 0-0: Ball
1-0: Called Strike
1-1: Foul Ball, location: 2F
1-2: Ball
2-2: Foul Ball, location: 2F
2-2: Strikes out swinging
Top of the 3rd over - 0 run(s), 0 hit(s), 0 error(s), 0 left on base; Yellowknife 2 - Gwinnett County 0
BOTTOM OF THE 3RD
Gwinnett County Black Cats batting - Pitching for Yellowknife Dragonblood : RHP Currito Melena
Batting: LHB Octávio Ontiveros 0-0: Called Strike
0-1: Ball
1-1: Foul Ball, location: 2F
1-2: Foul Ball, location: 2F
1-2: Ball
2-2: Strikes out looking
Batting: RHB Chang-lit Min 0-0: Ball
1-0: Called Strike
1-1: Ground out U3 (Groundball, 3)
Batting: RHB Sidney Mackell 0-0: Swinging Strike
0-1: SINGLE (Line Drive, 9S)
Batting: RHB Luis Guerrero 0-0: Ball
Sidney Mackell is caught stealing 2nd base
Bottom of the 3rd over - 0 run(s), 1 hit(s), 0 error(s), 0 left on base; Yellowknife 2 - Gwinnett County 0
TOP OF THE 4TH
Yellowknife Dragonblood batting - Pitching for Gwinnett County Black Cats : LHP Luis Arreola
Batting: RHB Mareka Naidoo 0-0: Called Strike
0-1: Fly out, F8 (Flyball, 8RS)
Batting: SHB Daniel Godart 0-0: Fly out, F7 (Flyball, 7LSF)
Batting: RHB Keith Kamen 0-0: SINGLE (Line Drive, 56D)
Batting: RHB Andrés Escobar 0-0: Ball
1-0: SINGLE (Groundball, 34) (infield hit)
Keith Kamen to second
Batting: LHB Colin Worthington 0-0: Ball
1-0: Ball
2-0: Ball
3-0: Called Strike
3-1: Foul Ball, location: 2F
3-2: Ground out U3 (Groundball, 34)
Top of the 4th over - 0 run(s), 2 hit(s), 0 error(s), 2 left on base; Yellowknife 2 - Gwinnett County 0
BOTTOM OF THE 4TH
Gwinnett County Black Cats batting - Pitching for Yellowknife Dragonblood : RHP Currito Melena
Batting: RHB Luis Guerrero 0-0: Called Strike
0-1: Fly out, F9 (Flyball, 9S)
Batting: RHB Dave Shaw 0-0: Ground out 4-3 (Groundball, 4M)
Batting: RHB Bobby Butterfield 0-0: Ball
1-0: Fly out, F8 (Flyball, 8RD)
Bottom of the 4th over - 0 run(s), 0 hit(s), 0 error(s), 0 left on base; Yellowknife 2 - Gwinnett County 0
TOP OF THE 5TH
Yellowknife Dragonblood batting - Pitching for Gwinnett County Black Cats : LHP Luis Arreola
Batting: RHB IV Seacat 0-0: Ball
1-0: Swinging Strike
1-1: Called Strike
1-2: Strikes out swinging
Batting: RHB Cosmo Castanhedo 0-0: Swinging Strike
0-1: Ball
1-1: Ball
2-1: Swinging Strike
2-2: Ball
3-2: Base on Balls
Batting: RHB Felipe Campos 0-0: Foul Ball, location: 2F
0-1: Swinging Strike
0-2: Strikes out swinging
Batting: RHB Anselmo Berneu 0-0: Foul Ball, location: 2F
0-1: Fly out, F4 (Line Drive, 4M)
Top of the 5th over - 0 run(s), 0 hit(s), 0 error(s), 1 left on base; Yellowknife 2 - Gwinnett County 0
BOTTOM OF THE 5TH
Gwinnett County Black Cats batting - Pitching for Yellowknife Dragonblood : RHP Currito Melena
Batting: LHB Darrell Woodmansee 0-0: Ball
1-0: Called Strike
1-1: Fly out, F6 (Popup, 6)
Batting: RHB King Tracy 0-0: Ball
1-0: Called Strike
1-1: Swinging Strike
1-2: Strikes out looking
Batting: RHB Aaron Taylor 0-0: Ball
1-0: Ball
2-0: Ball
3-0: Called Strike
3-1: Foul Ball, location: 2F
3-2: Fly out, F9 (Flyball, 9LSF)
Bottom of the 5th over - 0 run(s), 0 hit(s), 0 error(s), 0 left on base; Yellowknife 2 - Gwinnett County 0
TOP OF THE 6TH
Yellowknife Dragonblood batting - Pitching for Gwinnett County Black Cats : LHP Luis Arreola
Batting: RHB Mareka Naidoo 0-0: Ball
1-0: Called Strike
1-1: Fly out, F8 (Line Drive, 8LD)
Batting: SHB Daniel Godart 0-0: Ball
1-0: Ball
2-0: Ball
3-0: Base on Balls
Batting: RHB Keith Kamen 0-0: Ball
1-0: Ball
2-0: Foul Ball, location: 2F
2-1: Called Strike
2-2: Ball
3-2: SINGLE (Flyball, 8LS)
Daniel Godart to second
Daniel Godart to third
Batting: RHB Andrés Escobar 0-0: Ball
1-0: Ball
2-0: Ball
3-0: Called Strike
3-1: Foul Ball, location: 2F
3-2: Base on Balls
Keith Kamen to second
Batting: LHB Colin Worthington 0-0: Ball
1-0: Called Strike
1-1: Foul Ball, location: 2F
1-2: Foul Ball, location: 2F
1-2: Strikes out swinging
Batting: RHB IV Seacat 0-0: Ball
1-0: Foul Ball, location: 2F
1-1: Ball
2-1: Ball
3-1: Called Strike
3-2: Foul Ball, location: 2F
3-2: Ground out 6-3 (Groundball, 6)
Top of the 6th over - 0 run(s), 1 hit(s), 0 error(s), 3 left on base; Yellowknife 2 - Gwinnett County 0
BOTTOM OF THE 6TH
Gwinnett County Black Cats batting - Pitching for Yellowknife Dragonblood : RHP Currito Melena
Batting: LHB Octávio Ontiveros 0-0: Ball
1-0: Ball
2-0: Called Strike
2-1: Swinging Strike
2-2: Foul Ball, location: 2F
2-2: Ball
3-2: Strikes out swinging
Batting: RHB Chang-lit Min 0-0: SINGLE (Groundball, 4MD)
Batting: RHB Sidney Mackell 0-0: Ball
1-0: Swinging Strike
1-1: Called Strike
1-2: Strikes out swinging
Batting: RHB Luis Guerrero 0-0: Called Strike
0-1: Ball
1-1: Foul Ball, location: 2F
1-2: Ball
2-2: Ball
Chang-lit Min steals 2nd base
3-2: Fly out, F9 (Line Drive, 9)
Bottom of the 6th over - 0 run(s), 1 hit(s), 0 error(s), 1 left on base; Yellowknife 2 - Gwinnett County 0
TOP OF THE 7TH
Yellowknife Dragonblood batting - Pitching for Gwinnett County Black Cats : LHP Luis Arreola
Batting: RHB Cosmo Castanhedo 0-0: Swinging Strike
0-1: Foul Ball, location: 2F
0-2: Ground out 4-3 (Groundball, 4)
Batting: RHB Felipe Campos 0-0: Ball
1-0: Ball
2-0: Foul Ball, location: 2F
2-1: Ball
3-1: Called Strike
3-2: Strikes out swinging
Batting: RHB Anselmo Berneu 0-0: Ball
1-0: Foul Ball, location: 2F
1-1: Ball
2-1: Ball
3-1: Base on Balls
Pitching: LHP Santiago Gómez
Batting: RHB Mareka Naidoo 0-0: Single, Error in OF, E7, batter to second base
Anselmo Berneu to third
Pinch Hitting: RHB Arturo Sánchez 0-0: Foul Ball, location: 2F
0-1: Ball
1-1: Ball
2-1: Called Strike
2-2: Foul Ball, location: 2F
2-2: Strikes out looking
Top of the 7th over - 0 run(s), 1 hit(s), 1 error(s), 2 left on base; Yellowknife 2 - Gwinnett County 0
BOTTOM OF THE 7TH
Gwinnett County Black Cats batting - Pitching for Yellowknife Dragonblood : RHP Currito Melena
Now in LF: Arturo Sánchez
Batting: RHB Dave Shaw 0-0: Ball
1-0: Called Strike
1-1: Ball
2-1: Ball
3-1: Base on Balls
Batting: RHB Bobby Butterfield 0-0: Called Strike
0-1: Ball
1-1: Fly out, F9 (Flyball, 9S)
Batting: LHB Darrell Woodmansee 0-0: Called Strike
0-1: SINGLE (Groundball, 4MD)
Dave Shaw to second
Batting: RHB King Tracy 0-0: Ball
1-0: Swinging Strike
1-1: Called Strike
1-2: Strikes out looking
Pinch Hitting: LHB Jim Unknown 0-0: Ball
1-0: Ball
2-0: Called Strike
2-1: Ball
3-1: Foul Ball, location: 2F
3-2: Base on Balls
Dave Shaw to third
Darrell Woodmansee to second
Pinch Hitting: SHB Ted Tullo 0-0: Called Strike
0-1: Ball
1-1: Foul Ball, location: 2F
1-2: Ball
2-2: Ball
3-2: Ground out 1-3 (Groundball, P)
Bottom of the 7th over - 0 run(s), 1 hit(s), 0 error(s), 3 left on base; Yellowknife 2 - Gwinnett County 0
TOP OF THE 8TH
Yellowknife Dragonblood batting - Pitching for Gwinnett County Black Cats : LHP Santiago Gómez
Now at 1B: Ted Tullo
Now in RF: Jim Unknown
Batting: RHB Keith Kamen 0-0: Ball
1-0: Ball
2-0: Foul Ball, location: 2F
2-1: Fly out, F8 (Flyball, 8RS)
Batting: RHB Andrés Escobar 0-0: Called Strike
0-1: Ball
1-1: Foul Ball, location: 2F
1-2: Fly out, F4 (Popup, 4MD)
Batting: LHB Colin Worthington 0-0: Swinging Strike
0-1: Swinging Strike
0-2: Ball
1-2: Foul Ball, location: 2F
1-2: Ball
2-2: Strikes out swinging
Top of the 8th over - 0 run(s), 0 hit(s), 0 error(s), 0 left on base; Yellowknife 2 - Gwinnett County 0
BOTTOM OF THE 8TH
Gwinnett County Black Cats batting - Pitching for Yellowknife Dragonblood : RHP Currito Melena
Batting: RHB Chang-lit Min 0-0: Swinging Strike
0-1: Called Strike
0-2: Foul Ball, location: 2F
0-2: Ball
1-2: Ball
2-2: Foul Ball, location: 2F
2-2: Foul Ball, location: 2F
2-2: Strikes out swinging
Pitching: LHP Felipe Becerra
Batting: RHB Sidney Mackell 0-0: Called Strike
0-1: Ball
1-1: Ball
2-1: Ground out 5-3 (Groundball, 56)
Batting: RHB Luis Guerrero 0-0: Called Strike
0-1: Swinging Strike
0-2: Ball
1-2: Foul Ball, location: 2F
1-2: Strikes out swinging
Bottom of the 8th over - 0 run(s), 0 hit(s), 0 error(s), 0 left on base; Yellowknife 2 - Gwinnett County 0
TOP OF THE 9TH
Yellowknife Dragonblood batting - Pitching for Gwinnett County Black Cats : LHP Santiago Gómez
Batting: RHB IV Seacat 0-0: Ball
1-0: Ground out 6-3 (Groundball, 6S)
Batting: RHB Cosmo Castanhedo 0-0: Ball
1-0: Called Strike
1-1: Ball
2-1: Called Strike
2-2: Fly out, F8 (Flyball, 8RS)
Batting: RHB Felipe Campos 0-0: Ball
1-0: Ball
2-0: Ground out 6-3 (Groundball, 56)
Top of the 9th over - 0 run(s), 0 hit(s), 0 error(s), 0 left on base; Yellowknife 2 - Gwinnett County 0
BOTTOM OF THE 9TH
Gwinnett County Black Cats batting - Pitching for Yellowknife Dragonblood : LHP Felipe Becerra
Pitching: RHP Víctor Solís
Batting: RHB Dave Shaw 0-0: Called Strike
0-1: Foul Ball, location: 2F
0-2: Ball
1-2: Strikes out swinging
Batting: RHB Bobby Butterfield 0-0: Ball
1-0: Ball
2-0: Ball
3-0: Called Strike
3-1: DOUBLE (Line Drive, 7LM)
Batting: LHB Darrell Woodmansee 0-0: Ball
1-0: SINGLE (Groundball, 34D)
Bobby Butterfield to third
Pinch Hitting: LHB Jace McNulty 0-0: Called Strike
0-1: Ball
1-1: Ball
2-1: Fly out, F8 (Flyball, 8LM)
Runner from 3rd tags up, SCORES, no throw
Batting: LHB Jim Unknown 0-0: Ball
1-0: Foul Ball, location: 2F
1-1: Ball
2-1: Foul Ball, location: 2F
2-2: Ball
3-2: Base on Balls
Darrell Woodmansee to second
Batting: SHB Ted Tullo 0-0: Called Strike
0-1: Ball
1-1: Called Strike
1-2: Ball
2-2: Foul Ball, location: 2F
2-2: Strikes out swinging
Bottom of the 9th over - 1 run(s), 2 hit(s), 0 error(s), 2 left on base; Yellowknife 2 - Gwinnett County 1
Friday, December 30th, 2016 - OOTP Baseball 17.12 Build 75